 Dungeon Crawl Stone Soup version 0.29.0-4-gdea44cf6ec (webtiles) character file.

Game seed: 4590927080552644319

6001 qw the Grappler (level 10, -2/92 HPs)
             Began as a Troll Cinder Acolyte on Sept 1, 2022.
             Was a Priest of Ignis.
             Slain by an orc warrior
             ... wielding a +0 scimitar
              (10 damage)
             ... on level 9 of the Dungeon.
             The game lasted 00:04:24 (6741 turns).

qw the Grappler (Troll Cinder Acolyte)              Turns: 6741, Time: 00:04:24

Health: -2/92      AC: 17    Str: 28    XL:     10   Next: 55%
Magic:  10/10      EV:  8    Int: 10    God:    Ignis [***...]
Gold:   134        SH: 15    Dex: 11    Spells: 11/11 levels left

rFire   + . .      SeeInvis .     - Unarmed
rCold   . . .      Faith    .   e - +0 kite shield {reflect}
rNeg    + . .      Spirit   .   s - +0 acid dragon scales
rPois   .          Reflect  +   (helmet restricted)
rElec   .          Harm     .   f - +1 cloak
rCorr   +          Rampage  .   (gloves unavailable)
Will    .....                   (boots unavailable)
Stlth   +.........              j - amulet of reflection
HPRegen 1.05/turn               b - ring of positive energy
MPRegen 0.12/turn               n - +6 ring of dexterity

@: fiery-armoured, slowed, very slow
A: large, unfitting armour, claws 3, regeneration 1, shaggy fur 1, tough skin 1
a: Renounce Religion, Fiery Armour, Foxfire Swarm, Rising Flame


You were on level 9 of the Dungeon.
You worshipped Ignis.
Ignis was most pleased with you.
You visited 1 branch of the dungeon, and saw 9 of its levels.

You collected 466 gold pieces.
You spent 332 gold pieces at shops.


Innate Abilities, Weirdness & Mutations

You are too large for most types of armour.
You have claws for hands.
Your natural rate of healing is unusually fast.
You are covered in fur. (AC +1)
You have tough skin. (AC +1)


   Skills:
 - Level 4.1 Fighting
 - Level 1.3 Throwing
 - Level 2.0 Armour
 - Level 2.0 Dodging
 - Level 9.0 Shields
 + Level 11.5 Unarmed Combat
 - Level 1.0 Spellcasting
 - Level 2.1 Fire Magic


You had 11 spell levels left.
You didn't know any spells.
Your spell library contained the following spells:

 Spells                   Type           Power      Damage    Failure   Level
 Scorch                   Fire           8%         2d5       45%         2

Inventory:

Armour
 e - a +0 kite shield of reflection (worn)
 f - a +1 cloak (worn)
 s - +0 acid dragon scales (worn)
Jewellery
 b - a ring of positive energy (left claw)
 j - an amulet of reflection (around neck)
 n - a +6 ring of dexterity (right claw)
Scrolls
 c - a scroll of identify
Potions
 d - 3 potions of haste
 h - 2 potions of might
 i - a potion of mutation
 l - a potion of cancellation {unknown}
 o - a potion of berserk rage {unknown}
 p - a potion of magic {unknown}
 q - 2 potions of curing

Dungeon Overview and Level Annotations

Branches:
Dungeon (9/15)             Temple (0/1) D:5
   Lair: D:8-11         Orc: D:9-12

Altars:
Dithmenos
Gozag
Hepliaklqana
Kikubaaqudgha
Makhleb
Okawaru
Qazlal
Ru
Sif Muna
Uskayaw
Vehumet
Wu Jian
Zin

Shops:
D:1 (   D:5 *   D:7 *


Message History

You block the orc warrior's attack. You block the orc's attack.
The wight hits you but does no damage.
The wight is burned by your cloak of flames.
The wight is moderately damaged.
You mangle the orc priest!!
You kill the orc priest!
You block the orc's attack. The orc warrior barely misses you.
The wight hits you with a +3 great sword.
The wight is burned by your cloak of flames.
The wight is lightly damaged.
You block the wight's attack. You block the orc's attack.
The wight barely misses you. The wight hits you but does no damage.
The wight is burned by your cloak of flames.
The wight is moderately damaged.
The orc warrior hits you with a +0 scimitar!
Your life force feels restored.
You mangle the wight!!
You destroy the wight!
You block the wight's attack.
The wight hits you with a +3 great sword!
The orc hits you but does no damage.
The orc is burned by your cloak of flames.
The orc is severely wounded.
The orc warrior hits you with a +0 scimitar.
The orc warrior is burned by your cloak of flames.
The orc warrior is lightly wounded.
You completely miss the orc.
The orc is severely wounded.
You block the wight's attack.
The wight hits you with a +3 great sword!
The wight is burned by your cloak of flames.
The wight is moderately damaged.
You block the orc's attack.
The orc warrior hits you with a +0 scimitar.
The orc warrior is burned by your cloak of flames.
The orc warrior is lightly wounded.
You claw the orc!
You kill the orc!
The orc warrior hits you with a +0 scimitar!
You die...

## ##..
###..####
#.......##
#.¤.¤....#
#.~..~...#
#...¤z¤..#####
#.~.~)@.......
#..¤.)oz#####.
#..........#
.....##.#.....#
.... .....##.#
... #####.# #
#. .... # ###.
.## .


You could see an orc warrior and 2 wights.

Vanquished Creatures
  A two-headed ogre (D:8)
  Pikel (D:8)
  A gargoyle (D:8)
  Maggie (D:8)
  Grinder (D:3)
  Sigmund (D:3)
  A wraith (D:9)
  4 yaks (D:9)
  A steam dragon (D:7)
  Edmund (D:4)
  An acid dragon (D:8)
  A water moccasin (D:7)
  An ice beast (D:7)
  4 orc warriors
  A sky beast (D:6)
  2 ogres
  4 lemures (D:8)
  A phantom (D:5)
  2 kobold brigands
  A bullfrog (D:9)
  3 scorpions
  10 wights
  3 hounds
  2 jellies
  10 orc priests
  5 iguanas
  Ijyb (D:3)
  13 orc wizards
  A gnoll (D:8)
  7 adders
  A shadow imp (D:6)
  2 ufetubi (D:4)
  3 worms
  41 orcs
  4 ball pythons
  9 bats
  5 endoplasms
  5 giant cockroaches
  7 goblins
  8 hobgoblins
  4 jackals (D:1)
  13 kobolds
  3 quokkas
  5 frilled lizards
  3 rats
199 creatures vanquished.

Vanquished Creatures (others)
  7 fungi (D:2)
  3 plants (D:2)
10 creatures vanquished.

Grand Total: 209 creatures vanquished

Notes
Turn   | Place    | Note
-------+----------+-------------------------------------------
     0 | D:1      | qw the Troll Cinder Acolyte began the quest for the Orb.
     0 | D:1      | Reached XP level 1. HP: 22/22 MP: 1/1
     0 | D:1      | 0 ||| qw: Version: 0.1-a-97-g2dd2ca4
     0 | D:1      | 0 ||| qw: Game counter: 4765
     0 | D:1      | 0 ||| qw: Always use a shield: true
     0 | D:1      | 0 ||| qw: God list: Okawaru
     0 | D:1      | 0 ||| qw: Allow faded altars: false
     0 | D:1      | 0 ||| qw: Do Orc after D:15 true
     0 | D:1      | 0 ||| qw: Do second Lair branch before Depths: true
     0 | D:1      | 0 ||| qw: Lair rune preference: random
     0 | D:1      | 0 ||| qw: Plans: Normal
     0 | D:1      | 0 ||| PLANNING D:1-11
    62 | D:1      | Found Ziebut's Weapon Shop.
   276 | D:1      | Reached XP level 2. HP: 29/29 MP: 2/2
   377 | D:1      | 377 ||| Stepping ~*~*~tactically~*~*~ (stealth).
   645 | D:1      | Reached skill level 4 in Unarmed Combat
   758 | D:1      | 758 ||| DROPPING orb of wrath.
   759 | D:1      | 759 ||| UPGRADING to ring of positive energy.
   760 | D:1      | 760 ||| READING scroll labelled SETOSHYPEI.
   761 | D:1      | 761 ||| READING scroll labelled LOZINLIUCH.
   762 | D:1      | 762 ||| READING scroll labelled SOELATH PAHOF.
   817 | D:2      | 817 ||| STAIRDANCE
   825 | D:2      | Reached XP level 3. HP: 36/36 MP: 3/3
  1030 | D:2      | 1030 ||| Stepping ~*~*~tactically~*~*~ (stealth).
  1031 | D:2      | 1031 ||| Stepping ~*~*~tactically~*~*~ (stealth).
  1035 | D:2      | 1035 ||| Stepping ~*~*~tactically~*~*~ (stealth).
  1036 | D:2      | 1036 ||| Stepping ~*~*~tactically~*~*~ (stealth).
  1042 | D:2      | 1042 ||| Stepping ~*~*~tactically~*~*~ (outnumbered).
  1044 | D:2      | 1044 ||| Stepping ~*~*~tactically~*~*~ (outnumbered).
  1046 | D:2      | 1046 ||| Stepping ~*~*~tactically~*~*~ (stealth).
  1183 | D:2      | Found a faded altar of an unknown god.
  1187 | D:2      | 1187 ||| Stepping ~*~*~tactically~*~*~ (stealth).
  1281 | D:2      | Reached XP level 4. HP: 42/44 MP: 4/4
  1446 | D:2      | Reached skill level 5 in Unarmed Combat
  1461 | D:2      | 1461 ||| UPGRADING to +0 cloak.
  1466 | D:2      | 1466 ||| UPGRADING to amulet of reflection.
  1471 | D:2      | 1471 ||| READING scroll labelled ESSAUC MUASKIMINY.
  1472 | D:2      | 1472 ||| READING 2 scrolls of identify.
  1472 | D:2      | 1472 ||| IDENTIFYING emerald potion
  1542 | D:3      | Noticed Grinder
  1544 | D:3      | 1544 ||| Stepping randomly (stuck).
  1545 | D:3      | 1545 ||| Stepping randomly (stuck).
  1546 | D:3      | 1546 ||| Stepping randomly (stuck).
  1547 | D:3      | 1547 ||| Stepping randomly (stuck).
  1548 | D:3      | 1548 ||| Stepping randomly (stuck).
  1549 | D:3      | 1549 ||| Stepping randomly (stuck).
  1550 | D:3      | 1550 ||| Stepping randomly (stuck).
  1551 | D:3      | 1551 ||| Stepping randomly (stuck).
  1552 | D:3      | 1552 ||| Stepping randomly (stuck).
  1553 | D:3      | 1553 ||| Stepping randomly (stuck).
  1554 | D:3      | 1554 ||| Stepping randomly (stuck).
  1555 | D:3      | 1555 ||| Stepping randomly (stuck).
  1556 | D:3      | 1556 ||| Stepping randomly (stuck).
  1557 | D:3      | 1557 ||| Stepping randomly (stuck).
  1604 | D:3      | Paralysed by Grinder for 2 turns
  1610 | D:3      | 1610 ||| INVOKING Fiery Armour.
  1611 | D:3      | HP: 11/44 [Grinder (6)]
  1612 | D:3      | Paralysed by Grinder for 2 turns
  1613 | D:3      | HP: 4/44 [Grinder (8)]
  1621 | D:3      | HP: 5/44 [Grinder/nerve-wracking pain (5)]
  1624 | D:3      | Killed Grinder
  1625 | D:3      | Reached skill level 6 in Unarmed Combat
  1625 | D:3      | Reached XP level 5. HP: 5/50 MP: 5/5
  1770 | D:3      | 1770 ||| Stepping ~*~*~tactically~*~*~ (stealth).
  1771 | D:3      | 1771 ||| Stepping ~*~*~tactically~*~*~ (stealth).
  1773 | D:3      | 1773 ||| Stepping ~*~*~tactically~*~*~ (stealth).
  1809 | D:3      | Reached XP level 6. HP: 59/59 MP: 6/6
  1906 | D:3      | Noticed Ijyb
  1909 | D:3      | 1909 ||| INVOKING Fiery Armour.
  1924 | D:3      | Killed Ijyb
  1925 | D:3      | Reached skill level 7 in Unarmed Combat
  2037 | D:3      | Noticed Sigmund
  2038 | D:3      | 2038 ||| DRINKING 2 ruby potions.
  2039 | D:3      | 2039 ||| DROPPING potion of flight.
  2040 | D:3      | 2040 ||| Stepping randomly (stuck).
  2042 | D:3      | 2042 ||| Stepping randomly (stuck).
  2043 | D:3      | 2043 ||| Stepping randomly (stuck).
  2044 | D:3      | 2044 ||| Stepping randomly (stuck).
  2045 | D:3      | 2045 ||| Stepping randomly (stuck).
  2046 | D:3      | 2046 ||| Stepping randomly (stuck).
  2047 | D:3      | 2047 ||| Stepping randomly (stuck).
  2048 | D:3      | 2048 ||| Stepping randomly (stuck).
  2049 | D:3      | 2049 ||| Stepping randomly (stuck).
  2050 | D:3      | 2050 ||| Stepping randomly (stuck).
  2051 | D:3      | 2051 ||| Stepping randomly (stuck).
  2052 | D:3      | 2052 ||| Stepping randomly (stuck).
  2053 | D:3      | 2053 ||| Stepping randomly (stuck).
  2054 | D:3      | 2054 ||| Stepping randomly (stuck).
  2146 | D:3      | Found an ornate altar of the Wu Jian Council.
  2242 | D:3      | 2242 ||| Stepping ~*~*~tactically~*~*~ (hiding).
  2247 | D:3      | Killed Sigmund
  2578 | D:3      | 2578 ||| READING 2 scrolls of identify.
  2578 | D:3      | 2578 ||| IDENTIFYING fuming clear potion
  2579 | D:3      | 2579 ||| DROPPING potion of brilliance.
  2654 | D:4      | Noticed Edmund
  2670 | D:4      | Killed Edmund
  2671 | D:4      | Reached skill level 8 in Unarmed Combat
  2671 | D:4      | Reached XP level 7. HP: 61/66 MP: 7/7
  2763 | D:4      | 2763 ||| Stepping ~*~*~tactically~*~*~ (outnumbered).
  2764 | D:4      | 2764 ||| Stepping ~*~*~tactically~*~*~ (hiding).
  2806 | D:4      | Found a hazy altar of Hepliaklqana.
  2870 | D:4      | Reached skill level 3 in Fighting
  2938 | D:4      | 2938 ||| Stepping ~*~*~tactically~*~*~ (hiding).
  3066 | D:4      | 3066 ||| READING scroll labelled YSKIWAS OMAE.
  3068 | D:4      | 3068 ||| READING scroll labelled CUR BOFUTWUSOO.
  3069 | D:4      | 3069 ||| READING 3 scrolls of identify.
  3069 | D:4      | 3069 ||| IDENTIFYING metallic black potion
  3074 | D:4      | Reached skill level 9 in Unarmed Combat
  3117 | D:4      | Found a burning altar of Makhleb.
  3124 | D:4      | Found an ancient bone altar of Kikubaaqudgha.
  3183 | D:4      | Found a shadowy altar of Dithmenos.
  3206 | D:4      | Reached skill level 1 in Throwing
  3398 | D:4      | 3398 ||| DROPPING potion of lignification.
  3403 | D:5      | Entered Level 5 of the Dungeon
  3404 | D:5      | 3404 ||| STAIRDANCE
  3424 | D:4      | 3424 ||| DRINKING potion of curing.
  3424 | D:4      | 3424 ||| (to cure confusion)
  3467 | D:5      | Reached skill level 1 in Dodging
  3489 | D:5      | 3489 ||| INVOKING Fiery Armour.
  3490 | D:5      | 3490 ||| FLEEEEING.
  3491 | D:5      | 3491 ||| FLEEEEING.
  3492 | D:5      | 3492 ||| FLEEEEING.
  3493 | D:5      | 3493 ||| FLEEEEING.
  3494 | D:5      | 3494 ||| FLEEEEING.
  3498 | D:5      | 3498 ||| FLEEEEING.
  3499 | D:5      | 3499 ||| FLEEEEING.
  3500 | D:5      | 3500 ||| FLEEEEING.
  3501 | D:5      | 3501 ||| FLEEEEING.
  3502 | D:5      | 3502 ||| FLEEEEING.
  3503 | D:5      | 3503 ||| FLEEEEING.
  3504 | D:5      | 3504 ||| FLEEEEING.
  3512 | D:5      | 3512 ||| Stepping ~*~*~tactically~*~*~ (outnumbered).
  3519 | D:5      | Reached XP level 8. HP: 28/75 MP: 8/8
  3609 | D:5      | 3609 ||| Stepping ~*~*~tactically~*~*~ (outnumbered).
  3682 | D:5      | Found a shimmering blue altar of Sif Muna.
  3709 | D:5      | Identified the +1 ring mail of the Twenty Runes {Dex+2}
  3806 | D:5      | Reached skill level 10 in Unarmed Combat
  3842 | D:5      | Found Imas Dioxoe's Elemental Accessories.
  3937 | D:5      | Found a staircase to the Ecumenical Temple.
  4190 | D:5      | 4190 ||| UPGRADING to +0 kite shield of reflection.
  4195 | D:5      | 4195 ||| READING scroll labelled XOICZOGOAPH.
  4198 | D:5      | 4198 ||| READING 3 scrolls of identify.
  4198 | D:5      | 4198 ||| IDENTIFYING purple potion
  4199 | D:5      | 4199 ||| READING 2 scrolls of identify.
  4199 | D:5      | 4199 ||| IDENTIFYING amethyst potion
  4200 | D:5      | 4200 ||| DROPPING potion of attraction.
  4272 | D:6      | 4272 ||| READING scroll of enchant armour.
  4272 | D:6      | 4272 ||| ENCHANTING +0 cloak.
  4321 | D:6      | 4321 ||| Stepping ~*~*~tactically~*~*~ (hiding).
  4324 | D:6      | 4324 ||| Stepping ~*~*~tactically~*~*~ (hiding).
  4326 | D:6      | 4326 ||| Stepping ~*~*~tactically~*~*~ (hiding).
  4327 | D:6      | 4327 ||| Stepping ~*~*~tactically~*~*~ (hiding).
  4364 | D:6      | Reached skill level 1 in Shields
  4366 | D:6      | 4366 ||| Stepping ~*~*~tactically~*~*~ (stealth).
  4371 | D:6      | 4371 ||| Stepping ~*~*~tactically~*~*~ (stealth).
  4384 | D:6      | Found an iron altar of Okawaru.
  4427 | D:6      | Found a sacrificial altar of Ru.
  4429 | D:6      | 4429 ||| Stepping ~*~*~tactically~*~*~ (stealth).
  4430 | D:6      | 4430 ||| Stepping ~*~*~tactically~*~*~ (stealth).
  4433 | D:6      | 4433 ||| Stepping ~*~*~tactically~*~*~ (hiding).
  4456 | D:6      | 4456 ||| Stepping ~*~*~tactically~*~*~ (outnumbered).
  4458 | D:6      | 4458 ||| Stepping ~*~*~tactically~*~*~ (outnumbered).
  4464 | D:6      | Reached skill level 3 in Shields
  4476 | D:6      | 4476 ||| Stepping ~*~*~tactically~*~*~ (stealth).
  4478 | D:6      | 4478 ||| Stepping ~*~*~tactically~*~*~ (stealth).
  4552 | D:6      | Found a radiant altar of Vehumet.
  4557 | D:6      | 4557 ||| Stepping ~*~*~tactically~*~*~ (outnumbered).
  4558 | D:6      | 4558 ||| Stepping ~*~*~tactically~*~*~ (outnumbered).
  4559 | D:6      | 4559 ||| Stepping ~*~*~tactically~*~*~ (outnumbered).
  4560 | D:6      | 4560 ||| Stepping ~*~*~tactically~*~*~ (outnumbered).
  4568 | D:6      | 4568 ||| INVOKING Fiery Armour.
  4873 | D:6      | 4873 ||| UPGRADING to +6 ring of dexterity.
  4874 | D:6      | 4874 ||| READING scroll labelled ROGECVAYVA.
  4875 | D:6      | 4875 ||| READING scroll labelled ONNAFA OMOGOK.
  4876 | D:6      | 4876 ||| READING scroll labelled IMONIC FETUW.
  4877 | D:6      | 4877 ||| READING scroll of teleportation.
  4910 | D:7      | Found Niatul Koitz's Assorted Antiques.
  4930 | D:7      | Reached XP level 9. HP: 64/82 MP: 9/9
  4955 | D:7      | 4955 ||| BUYING lumpy black potion (23 gold).
  4955 | D:7      | Bought a lumpy black potion for 23 gold pieces
  4955 | D:7      | 4955 ||| BUYING lumpy dark potion (23 gold).
  4955 | D:7      | Bought a lumpy dark potion for 23 gold pieces
  4955 | D:7      | 4955 ||| BUYING potion of heal wounds (130 gold).
  4955 | D:7      | Bought a potion of heal wounds for 130 gold pieces
  4955 | D:7      | 4955 ||| BUYING potion of might (104 gold).
  4955 | D:7      | Bought a potion of might for 104 gold pieces
  4955 | D:7      | 4955 ||| BUYING scroll of identify (52 gold).
  4955 | D:7      | Bought a scroll of identify for 52 gold pieces
  4955 | D:7      | 4955 ||| SHOPLISTING scroll of identify (52 gold, have 21).
  5149 | D:7      | Found a glowing silver altar of Zin.
  5150 | D:7      | Found an opulent altar of Gozag.
  5188 | D:7      | 5188 ||| Stepping ~*~*~tactically~*~*~ (hiding).
  5195 | D:7      | 5195 ||| FLEEEEING.
  5223 | D:7      | Reached skill level 6 in Shields
  5366 | D:7      | 5366 ||| Stepping ~*~*~tactically~*~*~ (stealth).
  5370 | D:7      | 5370 ||| Stepping ~*~*~tactically~*~*~ (stealth).
  5683 | D:7      | 5683 ||| READING 2 scrolls of identify.
  5683 | D:7      | 5683 ||| IDENTIFYING lumpy black potion
  5708 | D:8      | 5708 ||| Stepping ~*~*~tactically~*~*~ (hiding).
  5709 | D:8      | 5709 ||| Stepping ~*~*~tactically~*~*~ (hiding).
  5791 | D:8      | 5791 ||| Stepping ~*~*~tactically~*~*~ (stealth).
  5801 | D:8      | Found a hide-covered altar of Uskayaw.
  5859 | D:8      | Noticed a gargoyle
  5860 | D:8      | 5860 ||| Stepping ~*~*~tactically~*~*~ (hiding).
  5861 | D:8      | 5861 ||| Stepping ~*~*~tactically~*~*~ (hiding).
  5872 | D:8      | Killed a gargoyle
  5885 | D:8      | 5885 ||| FLEEEEING.
  5912 | D:8      | 5912 ||| Stepping ~*~*~tactically~*~*~ (stealth).
  5914 | D:8      | 5914 ||| Stepping ~*~*~tactically~*~*~ (hiding).
  5970 | D:8      | Identified the +7 long sword of the Thing {drain, Int+4
                  | Stlth+}
  6051 | D:8      | 6051 ||| Stepping ~*~*~tactically~*~*~ (stealth).
  6053 | D:8      | 6053 ||| Stepping ~*~*~tactically~*~*~ (hiding).
  6055 | D:8      | 6055 ||| Stepping ~*~*~tactically~*~*~ (hiding).
  6057 | D:8      | 6057 ||| Stepping ~*~*~tactically~*~*~ (hiding).
  6058 | D:8      | 6058 ||| Stepping ~*~*~tactically~*~*~ (hiding).
  6062 | D:8      | 6062 ||| INVOKING Fiery Armour.
  6067 | D:8      | 6067 ||| Stepping ~*~*~tactically~*~*~ (stealth).
  6068 | D:8      | 6068 ||| Stepping ~*~*~tactically~*~*~ (stealth).
  6133 | D:8      | 6133 ||| Stepping ~*~*~tactically~*~*~ (outnumbered).
  6136 | D:8      | 6136 ||| Stepping ~*~*~tactically~*~*~ (outnumbered).
  6184 | D:8      | Noticed Pikel
  6185 | D:8      | 6185 ||| Stepping ~*~*~tactically~*~*~ (stealth).
  6189 | D:8      | 6189 ||| Stepping ~*~*~tactically~*~*~ (stealth).
  6193 | D:8      | 6193 ||| Stepping ~*~*~tactically~*~*~ (outnumbered).
  6194 | D:8      | 6194 ||| Stepping ~*~*~tactically~*~*~ (outnumbered).
  6195 | D:8      | 6195 ||| Stepping ~*~*~tactically~*~*~ (outnumbered).
  6196 | D:8      | 6196 ||| Stepping ~*~*~tactically~*~*~ (outnumbered).
  6218 | D:8      | 6218 ||| Stepping ~*~*~tactically~*~*~ (stealth).
  6219 | D:8      | 6219 ||| Stepping ~*~*~tactically~*~*~ (stealth).
  6232 | D:8      | Killed Pikel
  6233 | D:8      | Reached XP level 10. HP: 92/92 MP: 10/10
  6279 | D:8      | Noticed a two-headed ogre
  6289 | D:8      | 6289 ||| INVOKING Fiery Armour.
  6290 | D:8      | Killed a two-headed ogre
  6291 | D:8      | Reached skill level 11 in Unarmed Combat
  6480 | D:8      | Noticed Maggie
  6481 | D:8      | 6481 ||| Stepping ~*~*~tactically~*~*~ (hiding).
  6492 | D:8      | Killed Maggie
  6621 | D:8      | 6621 ||| UPGRADING to +0 acid dragon scales.
  6631 | D:8      | 6631 ||| DROPPING +0 robe.
  6632 | D:8      | 6632 ||| READING scroll labelled VOLAPEYCOBLIS.
  6633 | D:8      | 6633 ||| READING scroll labelled YHOELI WYQAILI.
  6634 | D:8      | 6634 ||| READING 2 scrolls of identify.
  6634 | D:8      | 6634 ||| IDENTIFYING lumpy dark potion
  6635 | D:8      | 6635 ||| DROPPING potion of ambrosia.
  6694 | D:9      | 6694 ||| Stepping ~*~*~tactically~*~*~ (stealth).
  6702 | D:9      | 6702 ||| INVOKING Fiery Armour.
  6703 | D:9      | 6703 ||| Stepping ~*~*~tactically~*~*~ (outnumbered).
  6704 | D:9      | 6704 ||| Stepping ~*~*~tactically~*~*~ (outnumbered).
  6705 | D:9      | 6705 ||| Stepping ~*~*~tactically~*~*~ (outnumbered).
  6708 | D:9      | Reached skill level 1 in Armour
  6724 | D:9      | Reached skill level 9 in Shields
  6725 | D:9      | HP: 23/92 [yak (5)]
  6726 | D:9      | 6726 ||| READING scroll of teleportation.
  6729 | D:9      | 6729 ||| DRINKING 2 potions of heal wounds.
  6729 | D:9      | Found a stormy altar of Qazlal.
  6733 | D:9      | 6733 ||| Stepping ~*~*~tactically~*~*~ (outnumbered).
  6735 | D:9      | HP: 16/91 [orc warrior/+0 scimitar (12)]
  6736 | D:9      | 6736 ||| DRINKING potion of heal wounds.
  6740 | D:9      | HP: 7/92 [wight/+3 great sword (10)]
  6741 | D:9      | Slain by an orc warrior

Levels and vault maps discovered:
D:1:      nicolae_arrival_washed_ashore, layout_loops_ring, serial_shops, shop,
          nrook_uturn, chequers_serial_rivers_micro_c
D:2:      layout_basic, shapermc_ecumenical_altar_mp_urbaneastern
D:3:      layout_loops_ring, amcnicky_altar_gilded, serial_co_window_serial,
          co_window_corner_a, co_window_of_opportunity_a, co_window_corner_a,
          co_window_corner_a, co_window_of_opportunity_a, co_window_2corner,
          co_window_corner_b, co_window_broadway_a, co_window_of_opportunity_b,
          co_window_paths_c, co_window_corner_b, glass_columns_b,
          glass_columns_b, uniq_ijyb, uniq_grinder, uniq_sigmund
D:4:      minmay_diamond_boxcup, layout_loops_ring, grunt_temple_overflow_open,
          old_standard_altar, nicolae_overflow_crystal_walls, amethyst_killhole,
          minmay_a_box_with_orc_wizards_in_it, uniq_edmund
D:5:      layout_loops_ring, nicolae_sif_muna_condensation,
          minmay_temple_entry_tees, nicolae_elemental_shop
D:6:      layout_cave_pools, mainiacjoe_overflow_brackets,
          nicolae_ru_great_annihilating_truth, vehumet_altar_wand_db,
          grunt_decor_cap, roderic_batcave, eino_small_chamber_without_monster
D:7:      layout_loops_ring, grunt_temple_overflow_gold_and_silver,
          serial_shops, nicolae_shop_overgrown_old_shop, chequers_mini_garden
D:8:      layout_basic, mainiacjoe_overflow_alcove_2, kennysheep_generic_room_2,
          uniq_pikel, uniq_maggie
D:9:      layout_loops_cross, nicolae_qazlal_scattered_showers, serial_shops,
          shop, enter_bailey_8

Skill      XL: |  1  2  3  4  5  6  7  8  9 10 |
---------------+-------------------------------+-----
Unarmed Combat | 4 6 8 9 10 11 | 11.5
Fighting       | 3 4 |  4.1
Throwing       | 1 |  1.3
Dodging        | 1 2 |  2.0
Shields        | 4 8 9 |  9.0
Armour         | 2 |  2.0
Spellcasting   | |  1.0
Fire Magic     | |  2.1

Action                   |  1- 3 |  4- 6 |  7- 9 | 10-12 || total
-------------------------+-------+-------+-------+-------++-------
Melee: Unarmed           |   110 |    60 |   368 |    51 ||   589
       Punch             |       |     3 |     5 |       ||     8
Throw: Boomerang         |       |    11 |    31 |       ||    42
Invok: Fiery Armour      |       |     2 |     3 |     2 ||     7
  Use: Scroll            |     3 |     3 |    12 |     4 ||    22
       Potion            |       |     1 |     1 |     2 ||     4
 Stab: Paralysed         |       |       |     1 |       ||     1
Armor: Robe              |    37 |    18 |    72 |       ||   127
       Acid dragon scale |       |       |       |    21 ||    21
Dodge: Dodged            |    49 |    16 |    66 |    15 ||   146
Block: Other             |       |    10 |    18 |       ||    28
       Kite shield       |       |       |   115 |    59 ||   174
       Reflection        |       |       |     8 |       ||     8

Table legend:
 A = Non-vault XP
 B = Vault XP
 C = Vault XP percentage of total XP
 D = Non-vault monster count
 E = Vault monster count
 F = Vault count percentage of total count
                 A         B        C        D         E       F
            +---------+---------+-------+---------+---------+-------
      Total |    6524 |    2053 |  23.9 |     165 |      30 |  15.4
            +---------+---------+-------+---------+---------+-------
        D:1 |      37 |       0 |   0.0 |      22 |       0 |   0.0
        D:2 |      79 |       0 |   0.0 |      16 |       0 |   0.0
        D:3 |      66 |     523 |  88.8 |      15 |       3 |  16.7
        D:4 |     306 |     317 |  50.9 |      19 |      10 |  34.5
        D:5 |     699 |       0 |   0.0 |      19 |       0 |   0.0
        D:6 |     587 |      56 |   8.7 |      20 |      13 |  39.4
        D:7 |    1348 |       0 |   0.0 |      21 |       0 |   0.0
        D:8 |    2066 |    1157 |  35.9 |      23 |       4 |  14.8
        D:9 |    1336 |       0 |   0.0 |      10 |       0 |   0.0
            +---------+---------+-------+---------+---------+-------
